[Event "Titled Tuesday Blitz April 26 Early 2022"]
[White "Samaganova, Aleksandra"]
[Black "Hartikainen, Jarmo"]
[WhiteFideId "13800221"]
[BlackFideId "503134"]
[WhiteElo "1859"]
[BlackElo "2109"]
[Result "0-1"]
[Round "08"]
[TimeControl "180+1"]
[Date "2022.04.26"]
[WhiteClock "0:00:09"]
[BlackClock "0:00:04"]

1. c4 Nf6 2. Nc3 e5 3. Nf3 Nc6 4. a3 Be7 5. e3 O-O 6. b4 d5 7. cxd5 Nxd5 8. Qc2 a6 9. Bb2 Be6 10. Be2 Kh8 11. O-O f6 12. Rfd1 Qc8 13. d4 exd4 14. Nxd4 Nxd4 15. Rxd4 c6 16. Bf3 Nb6 17. Rad1 Qc7 18. Ne4 Rad8 19. Nc5 Bg8 20. h3 Rxd4 21. Rxd4 Rd8 22. Bg4 Rxd4 23. Bxd4 Nc4 24. Qc3 Ne5 25. Be6 Bxe6 26. Nxe6 Qd6 27. Nc5 Qc7 28. Ne4 h6 29. Ng3 Kh7 30. Qc2+ Kh8 31. Nf5 Qd7 32. Nh4 Qe6 33. Qe4 Kg8 34. Qc2 Qf7 35. Nf5 Qe6 36. e4 Bf8 37. Be3 Nc4 38. Bc1 Ne5 39. Nd4 Qc4 40. Qd1 Qd3 41. Qxd3 Nxd3 42. Be3 Kf7 43. Nf5 Be7 44. Kf1 Ne5 45. f4 Nc4 46. Bd4 Nxa3 47. Ke2 Bxb4 48. Ne3 a5 49. Bb2 b5 50. Nd1 Be7 51. e5 Nc4 52. Bc3 fxe5 53. fxe5 Ke6 54. Ba1 Nxe5 55. Nf2 b4 56. Ne4 a4 57. Kd1 a3 58. Nd2 c5 59. Nb3 c4 60. Nd4+ Kd5 61. Nc2 a2 62. Nxb4+ Ke4 63. Kc2 Kf4 64. Nxa2 Bf6 65. Bd4 Kg3 66. Be3 Kxg2 67. h4 Kg3 68. h5 Kg4 69. Bd2 Kxh5 70. Nc3 g5 71. Nd5 Kg6 72. Bc3 g4 73. Ne3 h5 74. Kd2 Nf3+ 75. Kc2 Bxc3 76. Kxc3 Kg5 77. Kxc4 g3 78. Ng2 h4 79. Kd3 h3 80. Ne3 h2 81. Ke2 h1=Q 82. Nf1 Qg2+ 0-1


[Site "https://www.chess.com"]

[Event "Titled Tuesday Blitz April 26 Early 2022"]
[White "Sanal, Vahap"]
[Black "Daneshvar, Bardiya"]
[WhiteFideId "6300545"]
[BlackFideId "12576468"]
[WhiteElo "2603"]
[BlackElo "2330"]
[Result "0-1"]
[Round "08"]
[TimeControl "180+1"]
[Date "2022.04.26"]
[WhiteClock "0:01:05"]
[BlackClock "0:01:15"]

1. d4 d5 2. e3 Nf6 3. Nf3 Bg4 4. Be2 e6 5. O-O Bd6 6. c4 c6 7. Nc3 O-O 8. h3 Bxf3 9. Bxf3 Nbd7 10. a4 a5 11. e4 dxe4 12. Nxe4 Nxe4 13. Bxe4 Nf6 14. Bc2 Bb4 15. Be3 Qc7 16. Qf3 Rad8 17. g4 c5 18. g5 Ne8 19. Rad1 cxd4 20. Bxd4 Qxc4 21. Qe4 g6 22. Bb1 Rd5 23. Be3 Nd6 24. Qf3 Nf5 25. Rxd5 Nxe3 26. Qxe3 Qxd5 27. Be4 Qe5 28. h4 Qxb2 29. Bxb7 Rd8 30. Bg2 Qd4 31. Qg3 Bd6 32. Qh3 Qxa4 33. Rc1 Bf4 34. Rb1 Qc2 35. Rf1 a4 36. Qf3 Qd2 37. Qa3 Qd4 38. Re1 Bd6 39. Qa2 Qxh4 40. Re4 Qxg5 41. Rxa4 Bf8 42. Qe2 Qd2 43. Qxd2 Rxd2 0-1


[Site "https://www.chess.com"]

[Event "Titled Tuesday Blitz April 26 Early 2022"]
[White "Sanchez Alvares, Kelvin Antonio"]
[Black "Schekachikhin, Maksim"]
[WhiteFideId "3906680"]
[BlackFideId "24177830"]
[WhiteElo "2193"]
[BlackElo "2230"]
[Result "0-1"]
[Round "08"]
[TimeControl "180+1"]
[Date "2022.04.26"]
[WhiteClock "0:00:12"]
[BlackClock "0:00:16"]

1. e4 c5 2. Nf3 e6 3. d4 cxd4 4. Nxd4 Nc6 5. Nc3 Qc7 6. Be3 Nf6 7. Qf3 Bb4 8. Nb5 Qa5 9. Qg3 O-O 10. Bd2 d5 11. e5 Ne4 12. Nxe4 dxe4 13. c3 Be7 14. f4 a6 15. Nd4 Nxd4 16. cxd4 Qb6 17. Bc3 Bb4 18. Be2 Qxd4 19. Rd1 Qc5 20. Bxb4 Qxb4+ 21. Qc3 Qxc3+ 22. bxc3 b5 23. Kf2 Bb7 24. Rd7 Bd5 25. Ra1 Rfc8 26. a4 bxa4 27. Rxa4 Bc6 28. Rdd4 Bxa4 29. Rxa4 Rxc3 30. Rxe4 a5 31. Ra4 g6 32. h4 h5 33. g4 hxg4 34. Bxg4 Kg7 35. h5 gxh5 36. Bxh5 Rb3 37. Bf3 Ra7 38. Kg3 Rb4 39. Ra3 a4 40. Bd1 Rd7 41. Rxa4 Rd3+ 42. Kg4 Rb1 43. Bc2 Rg1+ 44. Kh4 Rd2 0-1


[Site "https://www.chess.com"]

[Event "Titled Tuesday Blitz April 26 Early 2022"]
[White "Sanchez, Robert"]
[Black "Janaszak, Dawid"]
[WhiteFideId "2034360"]
[BlackFideId "1119206"]
[WhiteElo "2412"]
[BlackElo "2199"]
[Result "0-1"]
[Round "08"]
[TimeControl "180+1"]
[Date "2022.04.26"]
[WhiteClock "0:00:02"]
[BlackClock "0:01:03"]

1. e4 c5 2. Nf3 Nc6 3. d4 cxd4 4. Nxd4 g6 5. Nc3 Bg7 6. Be3 Nf6 7. Bc4 O-O 8. Bb3 Re8 9. O-O d6 10. h3 Na5 11. f4 b6 12. Qd2 Bb7 13. e5 Nxb3 14. axb3 dxe5 15. fxe5 Nd5 16. Qf2 Rf8 17. Rad1 Nxc3 18. bxc3 Qc7 19. Bf4 Qxc3 20. e6 f5 21. Rd3 Qc5 22. Rfd1 Be4 23. R3d2 Rac8 24. c4 a6 25. Kh2 b5 26. Be3 Qb4 27. cxb5 axb5 28. Kh1 Rc3 29. Nf3 Bxf3 30. Qxf3 Qxb3 31. Re1 f4 32. Rf1 Rxe3 33. Qc6 f3 34. Qd7 fxg2+ 35. Kxg2 Rg3+ 0-1


[Site "https://www.chess.com"]

[Event "Titled Tuesday Blitz April 26 Early 2022"]
[White "Sarana, Alexey"]
[Black "Kamsky, Gata"]
[WhiteFideId "24133795"]
[BlackFideId "2000024"]
[WhiteElo "2666"]
[BlackElo "2645"]
[Result "0-1"]
[Round "08"]
[TimeControl "180+1"]
[Date "2022.04.26"]
[WhiteClock "0:00:04"]
[BlackClock "0:00:16"]

1. d4 Nf6 2. c4 e6 3. Nc3 Bb4 4. e3 O-O 5. Bd3 d5 6. a3 Bxc3+ 7. bxc3 c6 8. f3 b6 9. Ne2 Ba6 10. cxd5 Bxd3 11. Qxd3 cxd5 12. e4 Qc8 13. Bg5 Nfd7 14. O-O Qa6 15. Qe3 Nc6 16. e5 Rae8 17. f4 f6 18. exf6 Nxf6 19. Ng3 Qc4 20. Rae1 Ne4 21. Nxe4 dxe4 22. Kh1 e5 23. Rd1 exd4 24. cxd4 Qd5 25. Rfe1 h6 26. Bh4 Na5 27. Bg3 Nc4 28. Qb3 e3 29. a4 a6 30. Rc1 b5 31. axb5 axb5 32. Rb1 Rf5 33. Qd3 Qe4 34. Qc3 Kh8 35. Ra1 e2 36. Ra2 Rd5 37. Raxe2 Qxe2 38. Rxe2 Rxe2 39. h3 Re3 40. Qa1 Ra3 41. Qe1 Re3 42. Qa1 Ra3 43. Qe1 Re3 44. Qf2 Rxd4 45. Bh4 Rd1+ 46. Kh2 Nd2 47. g4 Nf1+ 48. Kg2 Rd2 49. Kxf1 Rxf2+ 50. Kxf2 Rxh3 51. Be7 Rc3 52. f5 Kg8 53. g5 Kf7 54. gxh6 gxh6 55. Bb4 Rc4 56. Bd2 h5 57. Kf3 Kf6 0-1


[Site "https://www.chess.com"]

[Event "Titled Tuesday Blitz April 26 Early 2022"]
[White "Sarkar, Justin"]
[Black "Cramling Bellon, Anna"]
[WhiteFideId "2010011"]
[BlackFideId "32009232"]
[WhiteElo "2038"]
[BlackElo "1905"]
[Result "1-0"]
[Round "08"]
[TimeControl "180+1"]
[Date "2022.04.26"]
[WhiteClock "0:00:15"]
[BlackClock "0:00:01"]

1. d4 Nf6 2. c4 e6 3. Nc3 Bb4 4. e3 O-O 5. Bd3 d5 6. Nf3 b6 7. O-O Bb7 8. cxd5 exd5 9. a3 Be7 10. b4 Nbd7 11. Rb1 a5 12. b5 Re8 13. Qc2 Nf8 14. Ne5 Bd6 15. f4 Qe7 16. Ra1 Rec8 17. h3 c6 18. bxc6 Bxc6 19. Qb3 Bb7 20. Bd2 Ne4 21. Bxe4 dxe4 22. Qxb6 Bxe5 23. fxe5 Nd7 24. Qxb7 Rab8 25. Qxe4 Rb2 26. Nd5 Qe6 27. Bxa5 Ra8 28. Nc7 Re8 29. Nxe6 1-0


[Site "https://www.chess.com"]

[Event "Titled Tuesday Blitz April 26 Early 2022"]
[White "Seemann, Jakub"]
[Black "Sargissyan, Sargis"]
[WhiteFideId "21874697"]
[BlackFideId "13303210"]
[WhiteElo "2003"]
[BlackElo "2174"]
[Result "1-0"]
[Round "08"]
[TimeControl "180+1"]
[Date "2022.04.26"]
[WhiteClock "0:00:03"]
[BlackClock "0:00:03"]

1. Nf3 Nf6 2. b3 g6 3. Bb2 Bg7 4. e3 O-O 5. Be2 c5 6. O-O b6 7. d4 Bb7 8. Nbd2 d6 9. c4 e6 10. Qc2 Nbd7 11. Rfd1 Qc7 12. Rac1 Rac8 13. Qb1 Rfe8 14. e4 cxd4 15. Nxd4 a6 16. Bf3 Nc5 17. b4 Ncd7 18. a4 Qb8 19. N4b3 Qa8 20. a5 Qa7 21. axb6 Qxb6 22. Na5 Ba8 23. Bc3 h5 24. h3 g5 25. c5 dxc5 26. Ndc4 Qb8 27. Bxf6 Nxf6 28. Nd6 cxb4 29. Rxc8 Rxc8 30. Nxc8 Qxc8 31. Qxb4 g4 32. hxg4 hxg4 33. Qe7 Kh7 34. e5 gxf3 35. exf6 Qc2 36. Qxf7 Qxd1+ 37. Kh2 Kh6 38. fxg7 fxg2 39. g8=N+ Kg5 40. Qf6+ Kg4 41. Qg6+ Kf4 42. Qg3+ Kf5 43. Nh6+ Kf6 44. Qf4+ Kg7 45. Qg4+ Kh7 46. Qxd1 1-0


[Site "https://www.chess.com"]

[Event "Titled Tuesday Blitz April 26 Early 2022"]
[White "Seifert, Henryk"]
[Black "Przybylski, Wojciech"]
[WhiteFideId "1100963"]
[BlackFideId "1117599"]
[WhiteElo "2120"]
[BlackElo "2133"]
[Result "1-0"]
[Round "08"]
[TimeControl "180+1"]
[Date "2022.04.26"]
[WhiteClock "0:00:07"]
[BlackClock "0:00:06"]

1. e4 c5 2. Nf3 e6 3. c3 Nf6 4. e5 Nd5 5. d4 cxd4 6. cxd4 d6 7. Bc4 Be7 8. O-O O-O 9. Bd2 b6 10. Nc3 Nxc3 11. Bxc3 Ba6 12. Bxa6 Nxa6 13. Qe2 Nc7 14. Nd2 Nd5 15. Ne4 Rc8 16. Rac1 Qd7 17. Rfd1 Rc7 18. Bd2 Rfc8 19. Rxc7 Rxc7 20. Bg5 Bf8 21. Qg4 dxe5 22. dxe5 Rc4 23. Bf6 Rxe4 24. Qxe4 Nxf6 25. Rxd7 Nxe4 26. Rxa7 Nd2 27. Rb7 Nc4 28. b3 Nxe5 29. Rxb6 g6 30. a4 Nd7 31. Rb7 Nc5 32. Rb5 Na6 33. a5 Bc5 34. b4 Bd4 35. Rb7 Bc3 36. b5 Nc5 37. Rb8+ Kg7 38. a6 Nd7 39. a7 Be5 40. Rb7 Nc5 41. a8=Q Nxb7 42. Qxb7 h5 43. Qc8 Bd4 44. Qc4 Bb6 45. Qc6 Bd4 46. b6 Be5 47. b7 Kf6 48. Qc8 Kf5 49. b8=Q Bxb8 50. Qxb8 e5 51. Qf8 f6 52. Qe8 h4 53. f3 Kg5 54. Kf2 Kf4 55. h3 Kg5 56. Qe6 f5 57. Qxe5 Kh5 58. f4 Kh6 59. Qh8# 1-0


[Site "https://www.chess.com"]

[Event "Titled Tuesday Blitz April 26 Early 2022"]
[White "Shankland, Sam"]
[Black "Nakamura, Hikaru"]
[WhiteFideId "2004887"]
[BlackFideId "2016192"]
[WhiteElo "2618"]
[BlackElo "2850"]
[Result "0-1"]
[Round "08"]
[TimeControl "180+1"]
[Date "2022.04.26"]
[WhiteClock "0:00:26"]
[BlackClock "0:00:25"]

1. d4 Nf6 2. c4 e6 3. Nf3 d5 4. Nc3 Be7 5. Bf4 O-O 6. e3 Nbd7 7. c5 c6 8. b4 b6 9. h4 a5 10. a3 Ne4 11. Nxe4 dxe4 12. Ne5 Nxe5 13. Bxe5 Qd5 14. Be2 b5 15. h5 Bb7 16. O-O axb4 17. axb4 Rxa1 18. Qxa1 Ra8 19. Qb1 f6 20. Bg3 Bc8 21. Bd1 Ra3 22. Qb2 Qa2 23. Qxa2 Rxa2 24. Bb3 Ra3 25. Rb1 Bd7 26. Bc2 f5 27. Bf4 Be8 28. Bb3 Bf7 29. f3 Rxb3 30. Rxb3 e5 31. Ra3 exf4 32. Ra8+ Bf8 33. fxe4 fxe4 34. exf4 Bd5 35. Kf2 Kf7 36. g4 g6 37. hxg6+ hxg6 38. Ke3 Be7 39. Ra7 g5 40. fxg5 Kf8 41. Kf4 e3 42. Ra2 Bxa2 0-1


[Site "https://www.chess.com"]

[Event "Titled Tuesday Blitz April 26 Early 2022"]
[White "Sharapov, Evgeny"]
[Black "Leiva, Gianmarco"]
[WhiteFideId "14103133"]
[BlackFideId "3804399"]
[WhiteElo "2367"]
[BlackElo "2323"]
[Result "1/2-1/2"]
[Round "08"]
[TimeControl "180+1"]
[Date "2022.04.26"]
[WhiteClock "0:00:09"]
[BlackClock "0:00:05"]

1. e4 c5 2. Nf3 d6 3. d4 cxd4 4. Nxd4 Nf6 5. f3 e5 6. Nb3 d5 7. Bg5 Be6 8. Bxf6 gxf6 9. exd5 Qxd5 10. Qxd5 Bxd5 11. Nc3 Be6 12. O-O-O Nc6 13. Bb5 Rc8 14. Na5 Bh6+ 15. Kb1 Ke7 16. Nxc6+ bxc6 17. Bd3 f5 18. Rhe1 Kf6 19. Re2 c5 20. Ba6 Rcd8 21. Rxd8 Rxd8 22. b3 Bd2 23. Kb2 c4 24. Bxc4 Bxc4 25. bxc4 Rb8+ 26. Nb5 Bf4 27. Ka3 Bxh2 28. Ka4 Bg1 29. c3 Bc5 30. Nc7 Rb1 31. Na6 Bg1 32. c5 Ke6 33. c4 f6 34. Rd2 e4 35. fxe4 fxe4 36. c6 Rb6 37. c5 Rxa6+ 38. Kb5 e3 39. Rd6+ Kf5 40. c7 e2 41. c8=Q+ Kf4 42. Re6 Rxe6 43. Qxe6 Be3 44. Qxf6+ Ke4 45. Qf3+ Kd3 46. Qd5+ Kc2 47. Qb3+ Kd2 48. Qb4+ Kd1 49. c6 Bb6 50. Qb1+ Kd2 51. Qb2+ Kd1 52. Qb3+ Kd2 53. Qb4+ Kd1 54. Qg4 Kd2 55. Qf4+ Kd1 56. Qf3 Kd2 57. Qf4+ Kd1 58. Qf3 Kd2 59. Qf4+ 1/2-1/2


[Site "https://www.chess.com"]

[Event "Titled Tuesday Blitz April 26 Early 2022"]
[White "Sihite, Chelsie Monica Ignesias"]
[Black "Brodowski, Piotr"]
[WhiteFideId "7101198"]
[BlackFideId "1124480"]
[WhiteElo "2224"]
[BlackElo "2422"]
[Result "1-0"]
[Round "08"]
[TimeControl "180+1"]
[Date "2022.04.26"]
[WhiteClock "0:01:03"]
[BlackClock "0:00:01"]

1. e4 a5 2. d4 b6 3. Nf3 Bb7 4. Bd3 e6 5. Qe2 Nc6 6. c3 Nce7 7. Bg5 h6 8. Bh4 g5 9. Bg3 Bg7 10. h4 g4 11. Nh2 h5 12. f3 gxf3 13. gxf3 Ng6 14. Nf1 Bh6 15. Nbd2 N8e7 16. Qh2 d6 17. O-O-O Qd7 18. Kb1 O-O-O 19. Qe2 Nf4 20. Bxf4 Bxf4 21. Ne3 Ng6 22. Ng2 Bh6 23. Nc4 Nf4 24. Nxf4 Bxf4 25. Ne3 Rhg8 26. Ba6 Rg3 27. Bxb7+ Kxb7 28. d5 Rdg8 29. dxe6 fxe6 30. e5 Bxe5 31. Nc4 Qh7+ 32. Ka1 Bf4 33. Qxe6 Rg2 34. Qd5+ Kb8 35. Qb5 Ka7 36. Rhe1 Rd8 37. Nxa5 bxa5 38. Qxa5+ Kb7 39. Qb5+ Kc8 40. Qa6+ Kd7 41. Qa4+ Kc8 42. Qxf4 Qc2 43. Qb4 Rf8 44. Rc1 Qf2 45. Qb5 Qxf3 46. Rf1 Rf2 47. Rfe1 Qf7 48. Qa6+ Kd7 49. Qa4+ Kc8 50. a3 Rf4 51. Qc6 Rc4 52. Qa6+ Kd7 53. Rf1 Rf4 54. Qb5+ Kc8 55. Rfe1 Rxh4 56. c4 Rf4 57. c5 Rf5 58. Qa6+ Kd8 59. cxd6 cxd6 60. Qxd6+ Qd7 61. Qb8+ 1-0


[Site "https://www.chess.com"]

[Event "Titled Tuesday Blitz April 26 Early 2022"]
[White "Skliarov, Viktor"]
[Black "Khamdamova, Afruza"]
[WhiteFideId "14106736"]
[BlackFideId "14210444"]
[WhiteElo "2229"]
[BlackElo "1660"]
[Result "1/2-1/2"]
[Round "08"]
[TimeControl "180+1"]
[Date "2022.04.26"]
[WhiteClock "0:00:06"]
[BlackClock "0:00:04"]

1. e4 e5 2. Nc3 Nf6 3. Bc4 Nc6 4. d3 Bc5 5. h3 d6 6. a3 a5 7. Nge2 h6 8. Ng3 O-O 9. O-O Be6 10. Nd5 Rb8 11. c3 b5 12. Ba2 Bxd5 13. exd5 Ne7 14. Qf3 b4 15. axb4 axb4 16. cxb4 Rxb4 17. Bxh6 Nfxd5 18. Bxd5 Nxd5 19. Bxg7 Kxg7 20. Qxd5 Rf4 21. Nh5+ Kh6 22. Nxf4 exf4 23. d4 Bb6 24. Rfe1 Qf6 25. Re4 Rg8 26. Kf1 Rg5 27. Qa8 Qg7 28. Rxf4 Bxd4 29. Rh4+ Rh5 30. Rxh5+ Kxh5 31. Qd5+ Kh6 32. Ra4 c5 33. b4 Qf6 34. f3 Qh4 35. Qxd6+ Kg7 36. Ra2 Qg5 37. bxc5 Qc1+ 38. Ke2 Qe3+ 39. Kd1 Bxc5 40. Qd2 Qb3+ 41. Qc2 Qd5+ 42. Ke2 Qe6+ 43. Kf1 Qe3 44. g4 Qg1+ 45. Ke2 Qf2+ 46. Kd3 Qe3+ 47. Kc4 Qd4+ 48. Kb5 Qb4+ 49. Kc6 Qb6+ 50. Kd5 Qd6+ 51. Kc4 Qd4+ 52. Kb5 Qb4+ 53. Kc6 Qb6+ 54. Kd5 Qd6+ 55. Kc4 Qd4+ 1/2-1/2


[Site "https://www.chess.com"]

[Event "Titled Tuesday Blitz April 26 Early 2022"]
[White "Sovetbekova, Nurai"]
[Black "Toncheva, Nadya"]
[WhiteFideId "13801910"]
[BlackFideId "2924056"]
[WhiteElo "1538"]
[BlackElo "1884"]
[Result "0-1"]
[Round "08"]
[TimeControl "180+1"]
[Date "2022.04.26"]
[WhiteClock "0:00:09"]
[BlackClock "0:00:21"]

1. d4 Nf6 2. c4 e6 3. g3 c5 4. d5 exd5 5. cxd5 d6 6. Nc3 g6 7. Bg2 Bg7 8. Nf3 O-O 9. O-O Na6 10. Bf4 Nc7 11. e4 Re8 12. Re1 Bg4 13. a4 a6 14. Qd3 Bxf3 15. Bxf3 Qd7 16. a5 Nb5 17. Na4 Rad8 18. Nb6 Qh3 19. Bg2 Qh5 20. Rad1 Ng4 21. h3 Ne5 22. Bxe5 Qxe5 23. Nc4 Qd4 24. Qc2 Qf6 25. f4 h5 26. e5 dxe5 27. fxe5 Qg5 28. Kh2 Bxe5 29. Nxe5 Rxe5 30. Rxe5 Qxe5 31. Qxc5 h4 32. Rd3 Nd6 33. Qc7 hxg3+ 34. Rxg3 Rc8 35. Qb6 Nf5 36. Qf2 Rc1 37. b4 Rc3 38. d6 Qxd6 0-1


[Site "https://www.chess.com"]

[Event "Titled Tuesday Blitz April 26 Early 2022"]
[White "Srebrnic, Marko"]
[Black "Shtyka, Sergey"]
[WhiteFideId "14603616"]
[BlackFideId "4138465"]
[WhiteElo "2340"]
[BlackElo "2014"]
[Result "1/2-1/2"]
[Round "08"]
[TimeControl "180+1"]
[Date "2022.04.26"]
[WhiteClock "0:00:56"]
[BlackClock "0:00:09"]

1. e4 c5 2. Nf3 d6 3. d4 cxd4 4. Nxd4 Nf6 5. Nc3 g6 6. Be2 Bg7 7. h4 Nc6 8. h5 Nxe4 9. Nxc6 Nxc3 10. Nxd8 Nxd1 11. Nxf7 Nxf2 12. Kxf2 O-O 13. hxg6 hxg6 14. Bc4 e6 15. c3 Rxf7+ 16. Ke2 d5 17. Bd3 e5 18. Bxg6 Rf6 19. Bh7+ Kf7 20. Bg5 Bg4+ 21. Ke3 Rb6 22. Rhf1+ Ke6 23. Rf2 d4+ 24. cxd4 exd4+ 25. Kd3 Rf8 26. Re1+ Kd5 27. Rxf8 Bxf8 28. Re8 Bc5 29. Rd8+ Kc6 30. Be4+ Kb5 31. Rd5 Rc6 32. Bd8 Rc8 33. a3 a5 34. Kc2 b6 35. Bf6 Ka6 36. Kd3 Be6 37. Rd8 Rxd8 38. Bxd8 Kb5 39. Bb7 Bc4+ 40. Kd2 Bd6 41. Bg5 Be5 42. Be4 Kc5 43. Bd3 Bxd3 44. Kxd3 Kd5 45. g4 b5 46. b3 a4 47. bxa4 bxa4 48. Be7 Bf4 49. g5 Be3 50. g6 Ke6 51. g7 Kf7 52. Bf6 Bh6 53. Kxd4 Bxg7 54. Bxg7 Kxg7 55. Kc5 Kf6 56. Kb5 Ke6 57. Kxa4 Kd7 58. Kb5 Kc8 59. Ka6 Kb8 60. Kb6 Ka8 61. a4 Kb8 62. a5 Ka8 63. a6 Kb8 64. a7+ Ka8 65. Kc6 Kxa7 1/2-1/2


[Site "https://www.chess.com"]

[Event "Titled Tuesday Blitz April 26 Early 2022"]
[White "Steil-Antoni, Fiona"]
[Black "Rom, Jasper"]
[WhiteFideId "4001249"]
[BlackFideId "2023733"]
[WhiteElo "2059"]
[BlackElo "2233"]
[Result "1-0"]
[Round "08"]
[TimeControl "180+1"]
[Date "2022.04.26"]
[WhiteClock "0:00:06"]
[BlackClock "0:00:01"]

1. e4 e6 2. Nf3 d5 3. e5 c5 4. b4 cxb4 5. a3 Qa5 6. Bb2 Nc6 7. axb4 Qxb4 8. Qc1 Bd7 9. Be2 Qb6 10. d4 Rc8 11. O-O Nh6 12. Na3 Nf5 13. Rd1 Na5 14. Rb1 Qc7 15. Bd3 Be7 16. Qf4 h6 17. g4 g5 18. Qd2 Nh4 19. Nxh4 gxh4 20. h3 Rg8 21. Kh2 Bg5 22. f4 Be7 23. Rf1 Nc4 24. Bxc4 dxc4 25. c3 b5 26. Nc2 Bc6 27. Ne3 Rd8 28. Qf2 Bb7 29. f5 Qc6 30. fxe6 Qxe6 31. Nf5 Bf8 32. Rbe1 Kd7 33. Bc1 Bd5 34. Ne3 Ke8 35. Qa2 a6 36. Nf5 Bb7 37. Qf2 Kd7 38. Re2 Kc8 39. Bf4 Qd5 40. Nd6+ Bxd6 41. exd6 Rde8 42. Be5 f6 43. Qxf6 Rgf8 44. Qxf8 Rxf8 45. Rxf8+ Kd7 46. Rf1 a5 47. Ref2 b4 48. Rf7+ Ke6 49. Re7# 1-0


[Site "https://www.chess.com"]

[Event "Titled Tuesday Blitz April 26 Early 2022"]
[White "Stevens, Christian"]
[Black "Petrovskyi, Vadym"]
[WhiteFideId "2604450"]
[BlackFideId "14165210"]
[WhiteElo "2538"]
[BlackElo "2400"]
[Result "0-1"]
[Round "08"]
[TimeControl "180+1"]
[Date "2022.04.26"]
[WhiteClock "0:00:01"]
[BlackClock "0:00:47"]

1. Nf3 Nf6 2. c4 g6 3. Nc3 Bg7 4. e4 d6 5. d4 O-O 6. Be2 e5 7. dxe5 dxe5 8. Qxd8 Rxd8 9. Bg5 Re8 10. Nd5 Nxd5 11. cxd5 c6 12. Bc4 cxd5 13. Bxd5 Nc6 14. O-O-O Bg4 15. h3 Bxf3 16. gxf3 Nd4 17. Bxb7 Rab8 18. Bd5 Ne2+ 19. Kb1 Nc3+ 20. Ka1 Nxd1 21. Rxd1 Rec8 22. Kb1 Bf8 23. Bf6 Bg7 24. Be7 Bh6 25. Bd6 Rb6 26. Bxe5 Bg7 27. f4 Bxe5 28. fxe5 g5 29. Rg1 Rg6 30. Rg3 Re8 31. Rc3 Rxe5 32. Rc7 Rf6 33. Rxa7 Rxf2 34. b4 h5 35. b5 g4 36. hxg4 hxg4 37. b6 g3 38. b7 g2 39. b8=Q+ Kh7 40. Rxf7+ Rxf7 41. Bxf7 g1=Q+ 42. Kb2 Qf2+ 43. Kb1 Qf1+ 44. Kc2 Rc5+ 45. Kd2 Qxf7 46. Qh2+ Rh5 47. Qg1 Qxa2+ 0-1


[Site "https://www.chess.com"]

[Event "Titled Tuesday Blitz April 26 Early 2022"]
[White "Stribuk, Artiom"]
[Black "Salimova, Nurgyul"]
[WhiteFideId "13515659"]
[BlackFideId "2915138"]
[WhiteElo "2259"]
[BlackElo "2185"]
[Result "1/2-1/2"]
[Round "08"]
[TimeControl "180+1"]
[Date "2022.04.26"]
[WhiteClock "0:00:03"]
[BlackClock "0:00:03"]

1. d4 Nf6 2. c4 e6 3. g3 d5 4. Bg2 a6 5. Nd2 Nc6 6. Ngf3 Bd6 7. O-O O-O 8. b3 e5 9. cxd5 Nxd4 10. Nxd4 exd4 11. Bb2 Bc5 12. Rc1 Ba7 13. Nf3 Nxd5 14. Nxd4 Bg4 15. h3 Be6 16. Nxe6 fxe6 17. e3 c6 18. Qg4 Qe7 19. Kh2 Rf7 20. Rcd1 Re8 21. e4 Nf6 22. Qe2 e5 23. h4 Ref8 24. f3 Nh5 25. Bc1 Nf4 26. gxf4 Qxh4+ 27. Bh3 Rxf4 28. Bxf4 Qxf4+ 29. Kh1 Qh4 30. Qg2 g6 31. Qg4 Qh6 32. Rd7 Bd4 33. Kg2 Rf4 34. Qe6+ Kh8 35. Qe8+ Rf8 36. Qe7 Rg8 37. Rxd4 exd4 38. Qe5+ Rg7 39. Qxd4 Qg5+ 40. Kh2 Qf4+ 41. Kg2 Qg5+ 42. Kh1 Qh4 43. Kg2 Qg5+ 1/2-1/2


[Site "https://www.chess.com"]

[Event "Titled Tuesday Blitz April 26 Early 2022"]
[White "Subelj, Jan"]
[Black "Kotepalli, Sai Nirupama"]
[WhiteFideId "14618583"]
[BlackFideId "5039444"]
[WhiteElo "2306"]
[BlackElo "2392"]
[Result "1-0"]
[Round "08"]
[TimeControl "180+1"]
[Date "2022.04.26"]
[WhiteClock "0:00:27"]
[BlackClock "0:00:36"]

1. d4 g6 2. h4 h5 3. c4 Bg7 4. Nc3 d6 5. Bg5 Nf6 6. f3 Nh7 7. Bc1 e5 8. dxe5 Bxe5 9. Kf2 Nc6 10. e3 Be6 11. Nd5 Ne7 12. Ne2 Nf5 13. g3 c6 14. Ndf4 Bd7 15. e4 Qb6+ 16. Kg2 O-O-O 17. exf5 Bxf5 18. Qb3 Qc7 19. Be3 b6 20. a4 Rhe8 21. a5 Kb7 22. axb6 axb6 23. Nd4 Bd7 24. Kf2 Ra8 25. Be2 Qd8 26. Rxa8 Qxa8 27. Nc2 c5 28. Nd5 Qd8 29. Ra1 Nf6 30. Qa3 Nxd5 31. Qa7+ Kc6 32. cxd5+ Kxd5 33. Bc4+ Kxc4 34. Qa2+ Kd3 35. Qb3+ 1-0


[Site "https://www.chess.com"]

[Event "Titled Tuesday Blitz April 26 Early 2022"]
[White "Svane, Frederik"]
[Black "Abdusattorov, Nodirbek"]
[WhiteFideId "12923044"]
[BlackFideId "14204118"]
[WhiteElo "2459"]
[BlackElo "2663"]
[Result "0-1"]
[Round "08"]
[TimeControl "180+1"]
[Date "2022.04.26"]
[WhiteClock "0:00:02"]
[BlackClock "0:00:05"]

1. e4 c5 2. Nf3 d6 3. Bb5+ Nd7 4. d4 cxd4 5. Qxd4 a6 6. Bxd7+ Bxd7 7. Nc3 Bg4 8. Qd3 g6 9. Be3 Bxf3 10. gxf3 Nf6 11. O-O-O Bg7 12. Kb1 Rc8 13. Bd4 O-O 14. h4 b5 15. h5 b4 16. Nd5 Nxd5 17. exd5 Bxd4 18. Qxd4 Qc7 19. Qe4 Kg7 20. Qd4+ f6 21. Qe4 g5 22. f4 Kh8 23. fxg5 fxg5 24. h6 Rf4 25. Qd3 Qc4 26. Qd2 Rcf8 27. Ka1 R8f6 28. Rhe1 Rf7 29. Rg1 g4 30. Qe3 Qe4 31. Qb6 Rf8 32. Rde1 Qg6 33. Rxe7 Qxh6 34. Qe3 Qf6 35. a3 bxa3 36. Rb1 Ra4 37. Ka2 axb2+ 38. Kb3 Rf4 39. Re5 Rf3 40. Re6 0-1


[Site "https://www.chess.com"]

[Event "Titled Tuesday Blitz April 26 Early 2022"]
[White "Swiercz, Dariusz"]
[Black "Vovk, Orest"]
[WhiteFideId "1126881"]
[BlackFideId "14113490"]
[WhiteElo "2627"]
[BlackElo "2203"]
[Result "1-0"]
[Round "08"]
[TimeControl "180+1"]
[Date "2022.04.26"]
[WhiteClock "0:00:07"]
[BlackClock "0:00:03"]

1. d4 d6 2. e4 Nd7 3. Nf3 e5 4. Bc4 h6 5. dxe5 dxe5 6. Bxf7+ Kxf7 7. Nxe5+ Kf6 8. Nc3 Kxe5 9. Qd5+ Kf6 10. Qf5+ Ke7 11. Nd5+ Kd6 12. Bf4+ Kc6 13. O-O-O Bd6 14. Nb4+ Bxb4 15. Qe6+ Kb5 16. a3 Qf6 17. Qd5+ Nc5 18. Bxc7 Qg5+ 19. Qxg5 hxg5 20. axb4 Kxb4 21. Rd8 Kb5 22. Be5 b6 23. Bxg7 Rh7 24. Rxg8 Bb7 25. Rxa8 Bxa8 26. Bf6 Bxe4 27. f3 Bf5 28. Bxg5 Rg7 29. h4 Ne6 30. Re1 Nxg5 31. hxg5 Kc6 32. f4 Kd6 33. Kd2 Bd7 34. c3 Bc6 35. g3 Bd7 36. Re5 Rh7 37. Ke3 Rh2 38. g6 Rh6 39. Rg5 Rh8 40. Kd4 Ke6 41. g7 Rg8 42. Rg6+ Kf7 43. Rd6 Be6 44. Ke5 Bg4 45. f5 Rxg7 46. Rd7+ Kg8 47. Rd8+ Kh7 48. f6 Rf7 49. Kf4 Bh5 50. Kg5 Bg6 51. g4 Rc7 52. Ra8 Rc5+ 53. Kf4 Bf7 54. Rxa7 Kg6 55. Rb7 Rc6 56. g5 Rc4+ 57. Ke5 Rc5+ 58. Kd6 Rd5+ 59. Kc6 Rxg5 60. Kxb6 Kxf6 61. Rc7 Ke6 62. b4 Be8 63. c4 Rg4 64. b5 Bd7 65. c5 Rb4 66. c6 Be8 67. Rh7 Bxc6 68. Kxc6 Rc4+ 69. Kb6 Rc1 70. Kb7 Kd6 71. b6 Rb1 72. Rg7 Rb2 73. Rg6+ Kd7 74. Rc6 Rb1 75. Rc7+ Kd8 76. Rc2 Kd7 77. Rd2+ Ke7 78. Kc7 Rc1+ 79. Kb8 Rb1 80. b7 Ra1 81. Rd4 Ra2 82. Kc7 Rc2+ 83. Kb6 Rb2+ 84. Kc6 Rb1 85. Rd5 1-0


[Site "https://www.chess.com"]

[Event "Titled Tuesday Blitz April 26 Early 2022"]
[White "Tanenbaum, Zachary"]
[Black "Nozdrachev, Leonid"]
[WhiteFideId "2060850"]
[BlackFideId "24113433"]
[WhiteElo "2168"]
[BlackElo "2242"]
[Result "1-0"]
[Round "08"]
[TimeControl "180+1"]
[Date "2022.04.26"]
[WhiteClock "0:00:14"]
[BlackClock "0:00:10"]

1. e4 d6 2. d4 Nf6 3. Nc3 e5 4. Nf3 Nbd7 5. Bc4 Be7 6. O-O O-O 7. Qe2 c6 8. Rd1 Qc7 9. a4 Re8 10. a5 Nf8 11. d5 Ng6 12. Bb3 Nh5 13. a6 Nhf4 14. Bxf4 Nxf4 15. Qc4 bxa6 16. dxc6 Be6 17. Nd5 Qc8 18. Qxa6 Kf8 19. Qb7 Rb8 20. Qxa7 Nxg2 21. Qc7 Nf4 22. Qxc8 Rexc8 23. Nxe7 Kxe7 24. Ra7+ Kf6 25. Rxd6 1-0


[Site "https://www.chess.com"]